 Dungeon Crawl Stone Soup version 0.27.0-1-g7a089689b8 (webtiles) character file.

Game seed: 7599645333522836654

2 gimp the Magician (level 1, -2/16 HPs)
             Began as a Mummy Warper on Aug 10, 2021.
             Slain by a gnoll (7 damage)
             ... on level 1 of the Dungeon.
             The game lasted 00:00:42 (112 turns).

gimp the Magician (Mummy Warper)                     Turns: 112, Time: 00:00:43

Health: -2/16      AC:  3    Str: 14    XL:     1   Next: 33%
Magic:  4/4        EV: 11    Int: 12    God:
Gold:   0          SH:  0    Dex: 11    Spells: 5/5 levels left

rFire    x . .     SeeInvis .   a - +0 spear
rCold    + . .     Faith    .   (no shield)
rNeg     + + +     Spirit   .   b - +0 leather armour
rPois    ∞         Reflect  .   (no helmet)
rElec    .         Harm     .   (no cloak)
rCorr    .         Rampage  .   (no gloves)
Will     .....                  (no boots)
Stlth    +.........             (no amulet)
HPRegen  0.05/turn              (no ring)
MPRegen  0.09/turn              (no ring)

@: no status effects
A: cold resistance 1, negative energy resistance 3, torment resistance 2, heat
vulnerability 1, no potions
a: no special abilities


You were on level 1 of the Dungeon.
You visited 1 branch of the dungeon, and saw 1 of its levels.

Inventory:

Hand Weapons
 a - a +0 spear (weapon)
Missiles
 d - 4 boomerangs of dispersal (quivered)
Armour
 b - a +0 leather armour (worn)
Scrolls
 c - a scroll of blinking
 e - a scroll of amnesia {unknown}
 f - a scroll of enchant armour {unknown}


   Skills:
 + Level 2.0 Fighting
 + Level 1.6 Polearms
 - Level 0.7 Throwing
 - Level 0.7 Armour
 - Level 1.5 Dodging
 + Level 2.8 Spellcasting
 - Level 2.4 Translocations


You had 5 spell levels left.
You didn't know any spells.
Your spell library contained the following spells:

 Spells                   Type           Power      Damage    Failure   Level
 Blink                    Tloc           N/A        N/A       19%         2
 Gell's Gravitas          Tloc           3%         N/A       34%         3
 Lesser Beckoning         Tloc           3%         N/A       34%         3
 Teleport Other           Tloc           7%         N/A       34%         3
 Manifold Assault         Tloc           7%         N/A       97%         5


Dungeon Overview and Level Annotations

Branches:
Dungeon (1/15)

Altars:


Innate Abilities, Weirdness & Mutations

You are immune to poison.
Your flesh is cold resistant. (rC+)
You are immune to negative energy. (rN+++)
You are immune to unholy pain and torment.
You are vulnerable to heat. (rF-)
You do not drink.


Message History

The giant cockroach bites you but does no damage.
You hit the giant cockroach.
You kill the giant cockroach!
You reach to attack!
You barely miss the gnoll. The gnoll closely misses you.
You reach to attack!
You hit the gnoll.
The gnoll is moderately wounded.
The gnoll hits you from afar with a +0 spear!
You take 7 damage, and have 9/16 hp.
MASSIVE DAMAGE!!
Throw: 5 boomerangs (disperse)
Press: ? - help, Q - select action Shift-Dir - straight line, f/p - gnoll
Aim: a gnoll, wielding a +0 spear (moderately wounded, 60% to hit)
You throw a boomerang of dispersal.
The boomerang of dispersal hits the gnoll.
The gnoll blinks!
You reach to attack!
You hit the quokka.
The quokka is severely wounded.
You closely miss the quokka.
The quokka is severely wounded.
The quokka barely misses you. The quokka closely misses you.
You hit the quokka but do no damage.
The quokka is severely wounded.
The quokka bites you but does no damage.
You hit the quokka but do no damage.
The quokka is severely wounded.
The quokka twitches its whiskers.
The quokka bites you.
You take 4 damage, and have 5/16 hp.
MASSIVE DAMAGE!!
You are too injured to fight recklessly!
You are too injured to fight recklessly!
You hit the quokka but do no damage.
The quokka is severely wounded.
The quokka bites you but does no damage.
You hit the quokka but do no damage.
The quokka is severely wounded.
The quokka closely misses you. The gnoll hits you but does no damage.
You closely miss the quokka.
The quokka is severely wounded.
The quokka barely misses you.
The gnoll hits you from afar with a +0 spear!
You die...

# #.###########
## #..@rg.#....#
....##
######.#.##.###
#...
##.#....g.######
#.....#.#..g.r.r
#.....#....#####
#...............
#..........####.
#............##.
#.........##.##.


You could see a gnoll and a quokka.

Vanquished Creatures
  An endoplasm (D:1)
  A giant cockroach (D:1)
2 creatures vanquished.

Notes
Turn   | Place    | Note
-------+----------+-------------------------------------------
     0 | D:1      | gimp the Mummy Warper began the quest for the Orb.
     0 | D:1      | Reached XP level 1. HP: 16/16 MP: 4/4
   112 | D:1      | Slain by a gnoll

Illustrated notes

Levels and vault maps discovered:
D:1:      scummos_arrival_star, layout_basic,
          dreamdust_ecumenical_altar_sealed_demon, minmay_unequal

Action                   || total
-------------------------++-------
Melee: Spear             ||    14
Throw: Boomerang         ||     1
Armor: Leather armour    ||     4
Dodge: Dodged            ||     7
